 Dungeon Crawl Stone Soup version 0.21.1-1-g345015f (webtiles) character file.

42 teukkam the Magician (level 3, -1/25 HPs)
             Began as a Gnoll Wanderer on Feb 8, 2018.
             Slain by an iguana (13 damage)
             ... on level 2 of the Dungeon.
             The game lasted 00:05:40 (1829 turns).

teukkam the Magician (Gnoll Wanderer)               Turns: 1829, Time: 00:05:41

Health: -1/25      AC:  3    Str: 14    XL:     3   Next: 56%
Magic:  5/9        EV: 11    Int: 14    God:
Gold:   108        SH:  0    Dex: 15    Spells: 9/12 levels left

rFire    . . .     SeeInvis .   a - +0 dagger
rCold    . . .     Gourm    .   (no shield)
rNeg     . . .     Faith    .   h - +0 leather armour
rPois    .         Spirit   .   (no helmet)
rElec    .         Reflect  .   (no cloak)
rCorr    .         Harm     .   (no gloves)
MR       .....                  (no boots)
Stlth    ++........             (no amulet)
HPRegen  0.08/turn              (no ring)
MPRegen  0.11/turn              (no ring)

@: very slightly contaminated
A: distributed training, fangs 1, strong nose
a: no special abilities


You were on level 2 of the Dungeon.
You were not hungry.

You visited 1 branch of the dungeon, and saw 2 of its levels.

You collected 108 gold pieces.

Inventory:

Hand Weapons
 a - a +0 dagger (weapon)
Armour
 h - a +0 leather armour (worn)
Scrolls
 g - 2 scrolls of identify {unknown}
 i - a scroll of remove curse {unknown}
 k - a scroll of magic mapping {unknown}
Books
 b - Okatequn's Papyrus of Transmutation

   Spells                             Type                      Level
   a - Beastly Appendage              Transmutation                1
   b - Ignite Poison                  Fire/Transmutation/Poison    3
 c - the Incunabulum of the Lost Seas

   Spells                             Type                      Level
   a - Apportation                    Translocation                1
   b - Recall                         Summoning/Translocation      3
 e - a Young Poisoner's Handbook

   Spells                             Type                      Level
   a - Sting                          Conjuration/Poison           1
   b - Poisonous Vapours              Poison/Air                   2
   c - Mephitic Cloud                 Conjuration/Poison/Air       3
   d - Olgreb's Toxic Radiance        Poison                       4
   e - Venom Bolt                     Conjuration/Poison           5
Comestibles
 f - a ration


   Skills:
 + Level 0.8 Fighting
 + Level 0.8 Short Blades
 + Level 0.8 Long Blades
 + Level 0.8 Axes
 + Level 0.8 Maces & Flails
 + Level 0.8 Polearms
 + Level 0.8 Staves
 + Level 0.8 Slings
 + Level 0.8 Bows
 + Level 0.8 Crossbows
 + Level 2.6 Throwing
 + Level 0.8 Armour
 + Level 0.8 Dodging
 + Level 2.4 Stealth
 + Level 0.8 Shields
 + Level 0.8 Unarmed Combat
 + Level 5.0 Spellcasting
 + Level 0.5 Conjurations
 + Level 0.5 Hexes
 + Level 0.5 Charms
 + Level 0.5 Summonings
 + Level 0.5 Necromancy
 + Level 3.7 Translocations
 + Level 0.5 Transmutations
 + Level 3.7 Fire Magic
 + Level 0.5 Ice Magic
 + Level 0.5 Air Magic
 + Level 0.5 Earth Magic
 + Level 3.7 Poison Magic
 + Level 1.0 Invocations
 + Level 0.8 Evocations


You had 9 spell levels left.
You knew the following spells:

 Your Spells              Type           Power        Failure   Level  Hunger
a - Sting                 Conj/Pois      #...         9%          1    None
b - Poisonous Vapours     Pois/Air       #.....       13%         2    ##.....


Dungeon Overview and Level Annotations

Branches:
Dungeon (2/15)

Altars:

Annotations:
D:2 Robin


Innate Abilities, Weirdness & Mutations

Your experience applies equally to all skills.
You have very sharp teeth.
Your uncanny sense of smell can sniff out nearby items.


Message History

The iguana misses you.
Found a scroll labeled NUPIYN MUTZ.
Casting: Sting
Confirm with . or Enter, or press ? or * to list all spells.
Aiming: Sting
Press: ? - help, Shift-Dir - straight line, f/p - iguana
Aim: an iguana (severely wounded)
The sting hits the iguana.
The iguana appears unharmed.
The iguana is severely wounded.
The iguana bites you!
Casting: Sting
Confirm with . or Enter, or press ? or * to list all spells.
Aiming: Sting
Press: ? - help, Shift-Dir - straight line, f/p - iguana
Aim: an iguana (severely wounded)
The sting misses the iguana.
The sting hits the goblin.
The goblin is moderately wounded.
The iguana bites you!
Ouch! That really hurt!
You die...

.. .. # #. .#
#. .# #### #.
..#
.....#.##..#.##
#.........?...
#@# # #...#####
#.###l#.#
#.......<
#....g#.#
......###
#####gg.# .....
##.### ....
#...# #.. #.
#...# #. ...
#...# # ...
#...#


You could see an iguana, a hobgoblin and 2 goblins.

Vanquished Creatures
  An adder (D:1)
  An ooze (D:1)
  6 bats (D:1)
  6 goblins
  6 hobgoblins
  4 kobolds (D:1)
  A rat (D:1)
25 creatures vanquished.

Notes
Turn   | Place    | Note
-------+----------+-------------------------------------------
     0 | D:1      | teukkam the Gnoll Wanderer began the quest for the Orb.
     0 | D:1      | teukkam set off with: a Young Poisoner's Handbook, Okatequn's Papyrus of Transmutation, the Incunabulum of the Lost Seas, a +0 robe, a +0 dagger, a ration
     0 | D:1      | Reached XP level 1. HP: 13/13 MP: 6/6
     9 | D:1      | Identified Okatequn's Papyrus of Transmutation
     9 | D:1      | Identified the Incunabulum of the Lost Seas
    15 | D:1      | Learned a level 1 spell: Sting
   509 | D:1      | Reached XP level 2. HP: 19/19 MP: 7/7
   663 | D:1      | Learned a level 2 spell: Poisonous Vapours
  1142 | D:1      | Reached XP level 3. HP: 10/25 MP: 1/9
  1352 | D:2      | Reached skill level 5 in Spellcasting
  1356 | D:2      | Noticed Robin
  1691 | D:1      | Reached skill level 1 in Invocations
  1829 | D:2      | Slain by an iguana

Skill      XL: |  1  2  3 |
---------------+----------+-----
Spellcasting   | 5 |  5.0
Invocations    | 1 |  1.0
Fighting       | |  0.8
Short Blades   | |  0.8
Long Blades    | |  0.8
Axes           | |  0.8
Maces & Flails | |  0.8
Polearms       | |  0.8
Staves         | |  0.8
Slings         | |  0.8
Bows           | |  0.8
Crossbows      | |  0.8
Throwing       | |  2.6
Armour         | |  0.8
Dodging        | |  0.8
Stealth        | |  2.4
Shields        | |  0.8
Unarmed Combat | |  0.8
Conjurations   | |  0.5
Hexes          | |  0.5
Charms         | |  0.5
Summonings     | |  0.5
Necromancy     | |  0.5
Translocations | |  3.7
Transmutations | |  0.5
Fire Magic     | |  3.7
Ice Magic      | |  0.5
Air Magic      | |  0.5
Earth Magic    | |  0.5
Poison Magic   | |  3.7
Evocations     | |  0.8

Action                   || total
-------------------------++-------
Melee: Dagger            ||    39
       Bite              ||     5
       Punch             ||     1
 Cast: Sting             ||    52
  Use: Potion            ||     1
  Eat: Ration            ||     1
Armor: Robe              ||    16
       Leather armour    ||     2
Dodge: Dodged            ||    46
